 Dungeon Crawl Stone Soup version 0.23.1 (webtiles) character file.

Game seed: 4773233680158043408

4412 pebbles the Fighter (level 10, 0/82 HPs)
             Began as a Demonspawn Gladiator on Mar 20, 2019.
             Was a Believer of Dithmenos.
             Slain by a two-headed ogre
             ... wielding a +0 giant club
              (6 damage)
             ... on level 8 of the Dungeon.
             The game lasted 00:13:44 (7739 turns).

pebbles the Fighter (Demonspawn Gladiator)          Turns: 7739, Time: 00:13:45

Health: 0/82       AC: 18    Str: 16      XL:     10   Next: 14%
Magic:  10/10      EV:  3    Int: 15      God:    Dithmenos [**....]
Gold:   712        SH:  0    Dex: 13 (17) Spells: 9/9 levels left

rFire    + . .     SeeInvis .   p - +2 dagger (elec)
rCold    + . .     Gourm    .   (no shield)
rNeg     + . .     Faith    .   r - +0 gold dragon scales
rPois    +         Spirit   .   (helmet restricted)
rElec    .         Reflect  .   C - +1 cloak
rCorr    .         Harm     .   (no gloves)
MR       +....                  (no boots)
Stlth    ..........             l - amulet of regeneration
HPRegen  0.63/turn              y - ring "Appyvyc" {rN+ MR+ Int+2}
MPRegen  0.12/turn              G - +4 ring of intelligence

@: wreathed by umbra
A: antennae 1, claws 1, talons 1, powered by death 1, rot immunity
a: Shadow Step, Renounce Religion


You were on level 8 of the Dungeon.
You worshipped Dithmenos.
Dithmenos was pleased with you.
You were hungry.

You visited 1 branch of the dungeon, and saw 8 of its levels.

You collected 712 gold pieces.

Inventory:

Hand Weapons
 p - a +2 dagger of electrocution (weapon)
Armour
 r - +0 gold dragon scales (worn)
 C - a +1 cloak (worn)
Jewellery
 l - an amulet of regeneration (around neck)
 y - the ring "Appyvyc" (left claw) {rN+ MR+ Int+2}
   (You found it on level 5 of the Dungeon)

   [ring of intelligence]

   It affects your intelligence (+2).
   It protects you from negative energy.
   It affects your resistance to hostile enchantments.
 G - a +4 ring of intelligence (right claw)
Wands
 t - a wand of random effects (28)
 w - a wand of disintegration (10)
 B - a wand of iceblast (8)
 D - a wand of polymorph (9)
Scrolls
 a - a scroll of magic mapping
 e - 2 scrolls of teleportation
 h - a scroll of fear
 m - 2 scrolls of blinking {unknown}
 n - 4 scrolls of amnesia {unknown}
 q - a scroll of brand weapon {unknown}
 u - a scroll of random uselessness {unknown}
 v - 2 scrolls of noise {unknown}
 x - 4 scrolls of identify
 A - 2 scrolls of immolation {unknown}
 F - a scroll of remove curse
Potions
 b - 2 potions of degeneration
 c - a potion of mutation {unknown}
 g - a potion of berserk rage
 i - 2 potions of haste
 j - a potion of brilliance
 o - 2 potions of might
Miscellaneous
 E - a sack of spiders
Comestibles
 d - 10 rations


   Skills:
 * Level 8.8 Fighting
 - Level 1.7 Throwing
 * Level 7.5 Armour
 + Level 6.3 Dodging
 + Level 6.3 Unarmed Combat


You had 9 spell levels left.
You didn't know any spells.
Your spell library contained the following spells:

 Spells                   Type           Power        Failure   Level  Hunger
 Freeze                   Ice            #...         100%        1    ##.....
 Magic Dart               Conj           #...         100%        1    ##.....
 Blink                    Tloc           N/A          100%        2    ###....
 Call Imp                 Summ           #.......     100%        2    ###....
 Slow                     Hex            #.......     100%        2    ###....
 Song of Slaying          Chrm           #.......     100%        2    ###....
 Swiftness                Chrm/Air       #.......     100%        2    ###....
 Conjure Flame            Conj/Fire      #.......     100%        3    ####...
 Mephitic Cloud           Conj/Pois/Air  #.......     100%        3    ####...
 Static Discharge         Conj/Air       #.......     100%        3    ####...
 Bolt of Magma            Conj/Fire/Erth #.........   100%        5    ######.
 Iskenderun's Battlesphe  Conj/Chrm      #.......     100%        5    ######.
 Lightning Bolt           Conj/Air       #.........   100%        5    ######.
 Venom Bolt               Conj/Pois      #.........   100%        5    ######.
 Iron Shot                Conj/Erth      #.........   100%        6    #######
 Ozocubu's Refrigeration  Ice            #.........   100%        6    #######
 Orb of Destruction       Conj           #.........   100%        7    #######
 Ring of Flames           Chrm/Fire      #.........   100%        7    #######
 Spellforged Servitor     Conj/Summ      #.........   100%        7    #######
 Ignition                 Fire           #.........   100%        8    #######
 Shatter                  Erth           #.........   100%        9    #######
 Tornado                  Air            #.........   100%        9    #######


Dungeon Overview and Level Annotations

Branches:
Dungeon (8/15)             Temple (0/1) D:7
   Lair: D:8-11

Altars:
Dithmenos
The Shining One


Innate Abilities, Weirdness & Mutations

You have a pair of small antennae on your head.
You have sharp fingernails.
You have sharp toenails.
You regenerate a little health from kills.
You are immune to rotting.


Message History

* * * LOW HITPOINT WARNING * * *
The two-headed ogre hits you but does no damage.
The two-headed ogre hits you with a +0 dire flail.
* * * LOW HITPOINT WARNING * * *
You regained 5 hp, and now have 9/123 hp.
You feel very mighty all of a sudden. The centaur hits you.
* * * LOW HITPOINT WARNING * * *
You take 1 damage, and have 8/123 hp.
It was a potion of cancellation.
Your magical effects are unravelling.
You feel magically purged.
You feel less wooden.
Your +1 cloak unmelds from your body.
Your +0 gold dragon scales unmelds from your body.
You feel yourself slow down.
You feel a little less mighty now.
The centaur hits you but does no damage.
The two-headed ogre hits you with a +0 giant club.
You die...

#.#####.....###..#
......)..........#
#.#####......###.#
#.## #......###.#
#.<# ######..##.#
...# ##.##.#
#..#### #.##.#
......# #.##c#
......# #..#@#
......# ##.#O#
......# #.(Z#
####### ##.......$
#........
#.....$..
##.#..... #.#.####
#.#..


You could see a two-headed ogre, a centaur and a hound zombie.

Vanquished Creatures
  A two-headed ogre (D:7)
  Grinder (D:6)
  A slime creature (D:7)
  A hippogriff (D:7)
  A wyvern (D:7)
  A hungry ghost (D:7)
  Eustachio (D:5)
  An ice beast (D:7)
  A sky beast (D:7)
  6 ogres
  A necrophage (D:6)
  4 phantoms
  2 centaurs
  A bullfrog (D:6)
  3 scorpions
  3 howler monkeys
  5 crimson imps
  A centaur zombie (D:6)
  A bullfrog zombie (D:6)
  6 hounds
  A quasit (D:7)
  A jelly (D:7)
  A bullfrog skeleton (D:7)
  3 iguanas
  6 orc wizards
  7 worker ants
  3 hound zombies
  12 adders
  A shadow imp (D:5)
  An adder zombie (D:4)
  3 worms
  A dart slug (D:2)
  5 leopard geckos
  17 orcs
  6 giant cockroaches
  4 goblins
  7 hobgoblins
  11 jackals
  6 kobolds
  A quokka (D:3)
  2 ball pythons
  A ball python skeleton (D:4)
  2 bats
  2 frilled lizards
  10 rats
156 creatures vanquished.

Notes
Turn   | Place    | Note
-------+----------+-------------------------------------------
     0 | D:1      | pebbles the Demonspawn Gladiator began the quest for the
                  | Orb.
     0 | D:1      | Reached XP level 1. HP: 16/16 MP: 1/1
   540 | D:1      | Gained mutation: You have a pair of small antennae on your
                  | head. [demonic ancestry]
   540 | D:1      | Reached XP level 2. HP: 20/22 MP: 2/2
  1587 | D:2      | Reached XP level 3. HP: 27/28 MP: 3/3
  2282 | D:3      | Gained mutation: You have sharp toenails. [demonic
                  | ancestry]
  2282 | D:3      | Reached XP level 4. HP: 19/34 MP: 4/4
  2431 | D:3      | Reached skill level 3 in Fighting
  2765 | D:3      | Reached skill level 1 in Armour
  2855 | D:3      | Reached XP level 5. HP: 36/41 MP: 5/5
  2860 | D:3      | Found a shadowy altar of Dithmenos.
  2894 | D:3      | Became a worshipper of Dithmenos the Shadowed
  3017 | D:4      | HP: 2/41 [poisoned by a worker ant]
  3028 | D:4      | Noticed an ogre
  3035 | D:4      | Got a bone dagger
  3312 | D:3      | Identified the +6 dagger of Valour {pierce, *Corrode rElec
                  | Str+8 Dex-5} (You found it on level 4 of the Dungeon)
  3335 | D:4      | Killed an ogre
  3335 | D:4      | Reached skill level 4 in Fighting
  3335 | D:4      | Reached XP level 6. HP: 33/48 MP: 6/6
  4030 | D:5      | Entered Level 5 of the Dungeon
  4047 | D:5      | Gained mutation: You are immune to rotting. [demonic
                  | ancestry]
  4047 | D:5      | Reached XP level 7. HP: 42/55 MP: 7/7
  4054 | D:5      | Got a warped brass ring
  4057 | D:5      | Identified the ring "Appyvyc" {rN+ MR+ Int+2} (You found it
                  | on level 5 of the Dungeon)
  4129 | D:5      | Reached * piety under Dithmenos
  4212 | D:5      | Reached skill level 5 in Fighting
  4270 | D:5      | Noticed Eustachio
  4357 | D:5      | Killed Eustachio
  4960 | D:5      | Found a glowing golden altar of the Shining One.
  5029 | D:5      | Gained mutation: You regenerate a little health from kills.
                  | [demonic ancestry]
  5029 | D:5      | Reached XP level 8. HP: 32/64 MP: 8/8
  5629 | D:6      | Noticed Grinder
  5757 | D:6      | Reached skill level 6 in Fighting
  5925 | D:6      | Reached skill level 5 in Dodging
  5959 | D:6      | Reached skill level 5 in Armour
  5965 | D:6      | Killed Grinder
  5965 | D:6      | Reached skill level 5 in Unarmed Combat
  6170 | D:6      | Reached skill level 7 in Fighting
  6271 | D:7      | Reached XP level 9. HP: 72/72 MP: 9/9
  6301 | D:7      | Reached ** piety under Dithmenos
  6350 | D:7      | Noticed a two-headed ogre
  6360 | D:7      | Killed a two-headed ogre
  6576 | D:7      | Reached skill level 8 in Fighting
  6926 | D:7      | Found a staircase to the Ecumenical Temple.
  7164 | D:7      | Gained mutation: You have sharp fingernails. [demonic
                  | ancestry]
  7164 | D:7      | Reached XP level 10. HP: 74/82 MP: 10/10
  7234 | D:7      | Identified the Incunabulum of Snow and Boosts
  7718 | D:8      | Noticed a two-headed ogre
  7735 | D:8      | HP: 4/123 [two-headed ogre/+0 giant club (16)]
  7739 | D:8      | Slain by a two-headed ogre

Skill      XL: |  1  2  3  4  5  6  7  8  9 |
---------------+----------------------------+-----
Dodging        | 3 4 5 6 |  6.3
Unarmed Combat | 3 4 5 6 |  6.3
Fighting       | 3 4 5 7 8 |  8.8
Armour         | 1 2 3 4 5 7 |  7.5
Throwing       | |  1.7

Action                   |  1- 3 |  4- 6 |  7- 9 | 10-12 || total
-------------------------+-------+-------+-------+-------++-------
Melee: Unarmed           |   153 |    11 |       |       ||   164
       Punch             |     3 |     1 |     2 |     2 ||     8
       Dagger            |       |   129 |   408 |    58 ||   595
       Kick              |       |    43 |   122 |    15 ||   180
Throw: Throwing net      |     4 |       |     1 |       ||     5
  Use: Potion            |       |       |     3 |     6 ||     9
       Scroll            |       |       |    12 |       ||    12
 Stab: Held in net/web   |     1 |       |     1 |       ||     2
       Sleeping          |       |     1 |       |       ||     1
  Eat: Chunk             |     3 |     6 |     6 |     2 ||    17
       Ration            |       |       |     5 |       ||     5
Armor: Leather armour    |    29 |     6 |       |       ||    35
       Gold dragon scale |       |    77 |   426 |    53 ||   556
       Skin              |       |       |    12 |    15 ||    27
Dodge: Dodged            |    98 |    32 |   148 |    10 ||   288
